 Dungeon Crawl Stone Soup version 0.32-a0-18-g89e19f1974 (webtiles) character file.

Game seed: 231322659780886214

130933 browni3141 the Blocker (level 16, -18/146 HPs)
             Began as a Demigod Summoner on Jan 14, 2024.
             Demolished by a +4 halberd of protection (23 damage)
             ... on level 1 of the Elven Halls on Jan 16, 2024.
             The game lasted 01:32:40 (31197 turns).

browni3141 the Blocker (Demigod Summoner)          Turns: 31197, Time: 01:32:41

Health: -18/146    AC: 18    Str: 29    XL:     16   Next: 6%
Magic:  21/29      EV: 14    Int: 37    God:
Gold:   2203       SH: 14    Dex: 20    Spells: 13/27 levels left

rFire   + + .        a - +9 trident (drain)
rCold   . . .        Z - +0 kite shield {rC+}
rNeg    + . .        E - +4 ring mail {rF+}
rPois   +            (no helmet)
rElec   +            o - +2 cloak of Qousson {rPois rC- Int+5 Slay+2}
rCorr   +            s - +0 pair of gloves of Sebbiacherr {-Tele rElec Will- Str+8}
SInv    +            X - +2 pair of boots {Fly}
Will    +....        D - amulet "Vafyoriwk" {rF+ Regen+}
Stlth   ++           l - ring of Creativity {rCorr Dex+6}
HPRegen 1.24/turn    e - ring "Gaits" {rN+ Will+ Int+7 Slay-2 SInv}
MPRegen 0.21/turn

%: no teleportation
@: flying
A: high MP 1, forlorn, divine attributes
a: no special abilities


You were on level 1 of the Elven Halls.
You visited 5 branches of the dungeon, and saw 24 of its levels.
You also visited: Bailey, Ice Cave and Volcano.

You collected 2620 gold pieces.
You spent 417 gold pieces at shops.

Inventory:

Hand Weapons
 a - a +9 trident of draining (weapon)
 b - a +1 hand cannon of freezing
Armour
 o - the +2 cloak of Qousson (worn) {rPois rC- Int+5 Slay+2}
   (You found it on level 12 of the Dungeon)

   Int+5:     It affects your intelligence (+5).
   Slay+2:    It affects your accuracy & damage with ranged weapons and melee
   (+2).
   rC-:       It makes you vulnerable to cold.
   rPois:     It protects you from poison
 s - the +0 pair of gloves of Sebbiacherr (worn) {-Tele rElec Will- Str+8}
   (You bought it in a shop on level 2 of the Orcish Mines)

   Str+8:     It affects your strength (+8).
   rElec:     It insulates you from electricity.
   Will-:     It decreases your willpower.
   -Tele:     It prevents most forms of teleportation.
 E - a +4 ring mail of fire resistance (worn)
 M - a +2 pair of gloves
 S - a +0 tower shield
 X - a +2 pair of boots of flying (worn)
 Z - a +0 kite shield of cold resistance (worn)
Jewellery
 e - the ring "Gaits" (right hand) {rN+ Will+ Int+7 Slay-2 SInv}
   (You found it in an ice cave)

   [ring of positive energy]

   Int+7:     It affects your intelligence (+7).
   Slay-2:    It affects your accuracy & damage with ranged weapons and melee
   (-2).
   rN+:       It protects you from negative energy.
   Will+:     It increases your willpower.
   SInv:      It lets you see invisible.
 l - the ring of Creativity (left hand) {rCorr Dex+6}
   (You found it on level 4 of the Lair of Beasts)

   [ring of dexterity]

   Dex+6:     It affects your dexterity (+6).
   rCorr:     It protects you from acid and corrosion.
 n - a ring of protection from cold
 x - a +5 ring of evasion
 D - the amulet "Vafyoriwk" (around neck) {rF+ Regen+}
   (You found it on level 4 of the Lair of Beasts)

   [amulet of regeneration]

   rF+:       It protects you from fire.
   Regen+:    It increases your rate of health regeneration.
 K - a ring of positive energy
 U - a ring of wizardry
 V - a ring of resist corrosion
Wands
 H - a wand of iceblast (1)
 I - a wand of digging (4)
 L - a wand of flame (42)
 R - a wand of polymorph (12)
 W - a wand of paralysis (27)
Scrolls
 d - a scroll of summoning
 h - 2 scrolls of poison
 j - 5 scrolls of vulnerability
 k - 4 scrolls of enchant weapon
 m - 2 scrolls of silence
 u - 3 scrolls of noise
 y - 3 scrolls of amnesia
 B - 5 scrolls of blinking
 C - 2 scrolls of fog
 G - 9 scrolls of teleportation
 J - 2 scrolls of enchant armour
 N - 6 scrolls of immolation
 T - 5 scrolls of revelation
Potions
 c - 2 potions of enlightenment
 f - 3 potions of brilliance
 g - 2 potions of resistance
 p - 2 potions of magic
 q - 5 potions of attraction
 r - 8 potions of curing
 t - a potion of berserk rage {unknown}
 v - 6 potions of might
 w - 2 potions of ambrosia
 z - 4 potions of lignification {unknown}
 A - a potion of haste {unknown}
 F - a potion of degeneration {unknown}
 O - 6 potions of invisibility {unknown}
 P - 3 potions of mutation {unknown}
 Q - a potion of experience {unknown}


   Skills:
 - Level 14.0 Fighting
 - Level 14.0 Polearms
 * Level 5.7 Armour
 * Level 6.1 Dodging
 - Level 1.7 Stealth
 * Level 14.2 Shields
 - Level 6.0 Spellcasting
 - Level 9.0 Summonings
 - Level 3.0 Fire Magic
 - Level 3.0 Air Magic
 - Level 4.0 Evocations


You had 13 spell levels left.
You knew the following spells:

 Your Spells              Type           Power      Damage    Failure   Level
a - Summon Small Mammal   Summ           100%       N/A       1%          1
b - Call Imp              Summ           100%       N/A       1%          2
c - Call Canine Familiar  Summ           67%        N/A       1%          3
d - Summon Blazeheart Go  Fire/Summ      53%        N/A       5%          4
e - Summon Lightning Spi  Summ/Air       53%        N/A       5%          4

Your spell library contained the following spells:

 Spells                   Type           Power      Damage    Failure   Level
 Mercury Vapours          Alch/Air       44%        N/A       5%          2
 Apportation              Tloc           22%        N/A       6%          1
 Kiss of Death            Conj/Necr      44%        2d8       6%          1
 Necrotise                Necr           44%        1d6       6%          1
 Slow                     Hex            44%        N/A       6%          1
 Sting                    Conj/Alch      44%        1d5       6%          1
 Blink                    Tloc           22%        N/A       10%         2
 Lesser Beckoning         Tloc           22%        N/A       10%         2
 Momentum Strike          Conj/Tloc      22%        3d8       10%         2
 Sublimation of Blood     Necr           11%        N/A       10%         2
 Animate Armour           Summ/Erth      88%        N/A       10%         4
 Inner Flame              Hex/Fire       22%        N/A       11%         3
 Volatile Blastmotes      Fire/Tloc      44%        2d13      11%         3
 Confusing Touch          Hex            11%        N/A       19%         3
 Gell's Gravitas          Tloc           11%        N/A       19%         3
 Passwall                 Erth           11%        N/A       19%         3
 Sigil of Binding         Hex            11%        N/A       19%         3
 Teleport Other           Tloc           11%        N/A       19%         3
 Vampiric Draining        Necr           11%        2d6       19%         3
 Flame Wave               Conj/Fire      22%        2d8       34%         4
 Sticky Flame             Fire/Alch      22%        2d6       34%         4
 Vhi's Electric Charge    Tloc/Air       44%        N/A       34%         4
 Dispel Undead            Necr           11%        3d9       54%         4
 Fulminant Prism          Conj/Alch      5%         3d7       54%         4
 Iskenderun's Mystic Bla  Conj/Tloc      11%        2d4       54%         4
 Passage of Golubria      Tloc           11%        N/A       54%         4
 Petrify                  Alch/Erth      11%        N/A       54%         4
 Arcjolt                  Conj/Air       11%        1d21      67%         5
 Silence                  Hex/Air        11%        N/A       67%         5
 Summon Hydra             Summ           33%        N/A       80%         7
 Irradiate                Conj/Alch      5%         3d13      87%         5
 Lee's Rapid Deconstruct  Erth           5%         3d6*      87%         5
 Plasma Beam              Fire/Air       16%        2x1d28    96%         6
 Bombard                  Conj/Erth      5%         9d2       100%        6
 Ozocubu's Refrigeration  Ice            5%         4d8       100%        7
 Lehudib's Crystal Spear  Conj/Erth      5%         10d3      100%        8
 Fire Storm               Conj/Fire      11%        8d3       100%        9


Dungeon Overview and Level Annotations

Branches:
Dungeon (15/15)            Temple (1/1) D:4            Lair (5/5) D:11
 Shoals (0/4) Lair:2       Spider (0/4) Lair:3        Slime (0/5) Lair:4
    Orc (2/2) D:9             Elf (1/3) Orc:2        Vaults (0/5) D:13
 Depths (0/4) D:15         Bailey (visited)           IceCv (visited)
Volcano (visited)

Shops:
Orc:2 ([*:

Portals:
Abyss: Lair:5
Trove: D:13 (give +6 demon trident)

Annotations:
Lair:2 2 transporters, Walel's ghost, journeyman TeAE
Lair:5 3 runed translucent doors, exclusion: 3 doors, DeathSocks's ghost, journeyman VSFi


Innate Abilities, Weirdness & Mutations

You have an increased reservoir of magic. (+10% MP)
You shall have no god before yourself.
Your divine heritage dramatically boosts your attributes as you level up.


Message History

Okay, then.
Okay, then.
Casting: Summon Blazeheart Golem (mildly dangerous; 5% risk of failure)
Confirm with . or Enter, or press ? or * to list all spells.
Okay, then.
As you read the scroll of summoning, it crumbles to dust.
Wisps of shadow whirl around you...
The +4 halberd of protection hits you but does no damage.
The +4 halberd of protection completely misses you.
The deep elf archer shoots an arrow.
The arrow hits your fire elemental!!
Unknown command.
Unknown command.
Unknown command.
You feel better.
The +4 halberd of protection barely misses you.
Your fire elemental hits the deep elf archer.
Your fire elemental burns the deep elf archer!
The deep elf zephyrmancer points at you and mumbles some strange words.
The bolt of lightning misses the +4 halberd of protection.
The bolt of lightning hits you! You resist.
* * * LOW HITPOINT WARNING * * *
The deep elf archer unwields a +0 shortbow.
The deep elf archer wields a +0 dagger.
The deep elf archer hits your fire elemental with a +0 dagger.
Unknown command.
You feel better. The +4 halberd of protection hits you!
* * * LOW HITPOINT WARNING * * *
Your fire elemental hits the deep elf archer.
Your fire elemental burns the deep elf archer!
Unknown command.
You feel better. The +4 halberd of protection hits you!
* * * LOW HITPOINT WARNING * * *
Your fire elemental completely misses the deep elf archer.
The deep elf archer unwields a +0 dagger.
The deep elf archer wields a +0 shortbow.
The deep elf archer shoots an arrow.
The arrow closely misses your fire elemental.
The arrow hits your deep elf pyromancer!!
The +4 halberd of protection hits you!!
You die...

#.#
#.######.#.........
#.#
#........#..#######
#.##...##########..#
........## #..#
.........## #...#
..........# #.#..#
......?...####.##..#
.........eEe.......#
.(....... ##@####.##
.......e###(#####.#
#..>..)e.......#
....##.##..e......#
. ...#. #.#######.#
.... .. #.# #.# ...
... ..# #.# ..
...##### #.. .


eee# ### You could see 2 deep elf archers, a deep elf zephyrmancer, a +4 halberd
of protection, a friendly deep elf pyromancer (summoned) and a friendly fire
elemental (summoned).

Vanquished Creatures
  An orc warlord (Orc:2)
  A dire elephant (Lair:4)
  Azrael (D:15)
  Fannar (D:10)
  4 hydras
  4 vault guards (D:13)
  A catoblepas (Lair:1)
  3 two-headed ogres
  7 centaur warriors
  4 boulder beetles
  The ghost of jasper the Fighter, a novice DsWr of Wu Jian (D:9)
  2 death yaks (Lair:4)
  2 thrashing horrors (Lair:5)
  An occultist (D:12)
  4 orc high priests (Orc:2)
  A skyshark (Lair:2)
  A hell knight (Volcano)
  A salamander mystic (Volcano)
  3 skeletal warriors (D:13)
  An arcanist (D:12)
  A deep elf archer (Elf:1)
  4 deep elf zephyrmancers
  A large abomination (Lair:5)
  A necromancer (IceCv)
  4 orc knights
  2 lindwurms
  A harpy (Lair:2)
  A wolf spider (D:15)
  2 manticores
  4 deep elf pyromancers
  25 ugly things
  3 cyclopes
  4 orc sorcerers (Orc:2)
  5 salamanders
  2 meliai (D:13)
  15 elephants
  3 black mambas
  A kobold blastminer (Orc:1)
  6 cane toads
  A guardian serpent (shapeshifter) (Lair:5)
  2 molten gargoyles (Volcano)
  An ice statue (IceCv)
  A torpor snail (Lair:4)
  Maggie (Lair:1)
  Jeremiah (D:6)
  7 gargoyles
  2 rime drakes (Lair:4)
  An unseen horror (shapeshifter) (D:12)
  12 komodo dragons
  2 yaktaurs (D:13)
  3 tengu conjurers
  An anaconda simulacrum (IceCv)
  2 kobold demonologists (D:11)
  4 trolls
  A freezing wraith (IceCv)
  12 ice devils (IceCv)
  3 raiju (Lair:5)
  3 polar bears
  4 hornets
  18 blink frogs
  3 dream sheep (Lair:3)
  8 slime creatures
  A centaur simulacrum (D:15)
  A dire elephant simulacrum (IceCv)
  6 wyverns
  A yak (shapeshifter) (D:15)
  2 vampires
  3 ynoxinuls (Lair:5)
  A fire bat (Volcano)
  A spriggan (Lair:5)
  3 fire elementals (D:15)
  35 yaks
  A wraith (D:12)
  2 wargs
  A human (D:13)
  A vampire mosquito (D:11)
  3 basilisks
  2 steam dragons
  A redback (Lair:3)
  Menkaure (D:4)
  A harpy simulacrum (IceCv)
  3 death yak simulacra (IceCv)
  2 acid dragons
  A hydra simulacrum (IceCv)
  A two-headed ogre zombie (D:9)
  5 hell hounds (D:15)
  6 water moccasins
  31 orc warriors
  3 black bears
  3 ice beasts
  4 ogres
  4 wolves
  20 centaurs
  2 phantoms (D:9)
  4 kobold brigands
  14 bullfrogs
  13 small abominations (Lair:5)
  4 cane toad simulacra (IceCv)
  A two-headed ogre simulacrum (IceCv)
  4 wights (D:8)
  Dowan (D:6)
  4 troll zombies (D:9)
  5 killer bees
  5 elephant simulacra (IceCv)
  A howler monkey (D:10)
  2 electric eels (D:8)
  5 lava snakes (Volcano)
  2 bombardier beetles (D:5)
  A gnoll bouda (D:10)
  3 hounds
  30 orc priests
  A jelly (D:8)
  Natasha (D:3)
  30 orc wizards
  A spriggan simulacrum (IceCv)
  3 polar bear simulacra (IceCv)
  2 wolf simulacra (IceCv)
  2 gnolls (D:10)
  A white imp (D:6)
  4 ufetubi
  A ribbon worm (D:3)
  2 dart slugs
  68 orcs
  A ball python (D:3)
  A bat (D:2)
  3 endoplasms
  A giant cockroach (D:2)
  2 gnoll zombies (D:9)
  5 goblins
  3 hobgoblins
  2 frilled lizards
  5 gnoll skeletons (D:9)
  9 kobolds
  2 orc skeletons (D:9)
  12 orc zombies (D:9)
635 creatures vanquished.

Vanquished Creatures (collateral kills)
  A dire elephant (D:15)
  Snorg (D:12)
  2 hydras
  Erolcha (D:11)
  A catoblepas (D:15)
  3 boulder beetles
  A dancing weapon (Elf:1)
  A two-headed ogre (D:9)
  Urug (D:11)
  Nergalle (D:11)
  An occultist (D:12)
  A skyshark (Lair:5)
  A deep elf archer (D:13)
  An orc knight (Bailey)
  A deep elf zephyrmancer (Elf:1)
  3 ugly things
  A deep elf pyromancer (D:10)
  2 orc sorcerers
  2 manticores
  4 elephants
  A cyclops (D:12)
  A meliai (D:13)
  A black mamba (Lair:3)
  5 cane toads
  A gargoyle (D:12)
  3 freezing wraiths
  2 kobold demonologists (D:11)
  2 rime drakes (Lair:2)
  A tengu conjurer (D:14)
  An efreet (D:14)
  2 ice devils (IceCv)
  Prince Ribbit (D:9)
  8 blink frogs
  3 dream sheep (Lair:3)
  A spriggan (Lair:5)
  A shadow (D:10)
  2 vampires
  2 wyverns
  11 yaks
  A basilisk (D:11)
  A redback (Lair:3)
  A vampire mosquito (D:11)
  A steam dragon (D:7)
  Duvessa (D:6)
  An acid dragon (D:10)
  2 water moccasins
  14 orc warriors
  2 ogres (D:5)
  4 centaurs
  A phantom (D:9)
  A kobold brigand (D:8)
  3 bullfrogs
  A scorpion (D:5)
  A cane toad simulacrum (IceCv)
  A wight (D:8)
  3 killer bees (D:8)
  A howler monkey (D:6)
  A troll zombie (D:9)
  A lava snake (Volcano)
  Crazy Yiuf (D:6)
  5 orc priests
  2 hounds (D:5)
  Jessica (D:2)
  Natasha (twice) (D:3)
  An iguana (D:6)
  4 orc wizards
  A polar bear simulacrum (IceCv)
  A spriggan simulacrum (IceCv)
  A wolf simulacrum (IceCv)
  2 ogre zombies (D:9)
  2 adders
  A gnoll (D:10)
  A naga simulacrum (IceCv)
  A white imp (IceCv)
  An ufetubus (D:6)
  4 dart slugs
  36 orcs
  4 ball pythons
  3 bats (D:1)
  8 endoplasms
  2 goblins
  8 hobgoblins
  13 jackals
  2 quokkas
  4 frilled lizards
  2 gnoll skeletons (D:9)
  3 kobolds
  2 orc zombies (D:9)
  4 rats
  A butterfly (Lair:3)
244 creatures vanquished.

Vanquished Creatures (others)
  An arcanist (D:7)
  2 kobolds (D:9)
  78 blazeheart cores
81 creatures vanquished.

Grand Total: 960 creatures vanquished

Notes
Turn   | Place    | Note
-------+----------+-------------------------------------------
     0 | D:1      | browni3141 the Demigod Summoner began the quest for the
                  | Orb.
     0 | D:1      | Reached XP level 1. HP: 14/14 MP: 5/5
    65 | D:1      | Reached skill level 1 in Fighting
   261 | D:1      | Reached XP level 2. HP: 23/23 MP: 5/7
   264 | D:1      | Learned a level 2 spell: Call Imp
   780 | D:1      | Reached XP level 3. HP: 17/28 MP: 2/8
  1448 | D:2      | Noticed Jessica
  1455 | D:2      | Killed Jessica
  1638 | D:2      | Reached skill level 5 in Summonings
  1638 | D:2      | Reached XP level 4. HP: 35/35 MP: 7/9
  2171 | D:3      | Noticed Natasha
  2182 | D:3      | Killed Natasha
  2189 | D:3      | Learned a level 3 spell: Call Canine Familiar
  2538 | D:3      | Noticed Natasha
  2550 | D:3      | Killed Natasha
  2551 | D:3      | Reached XP level 5. HP: 29/40 MP: 5/11
  2862 | D:3      | Noticed Natasha
  2870 | D:3      | Killed Natasha
  3290 | D:4      | Found a staircase to the Ecumenical Temple.
  3774 | D:4      | Noticed Menkaure
  3788 | D:4      | Killed Menkaure
  3789 | D:4      | Reached XP level 6. HP: 24/47 MP: 4/14
  4221 | Temple   | Entered the Ecumenical Temple
  4254 | D:5      | Entered Level 5 of the Dungeon
  4277 | D:5      | Learned a level 4 spell: Summon Blazeheart Golem
  4452 | D:5      | Reached skill level 1 in Fire Magic
  4452 | D:5      | Reached skill level 1 in Evocations
  4452 | D:5      | Reached XP level 7. HP: 52/52 MP: 8/16
  4524 | D:5      | Learned a level 4 spell: Summon Lightning Spire
  5333 | D:6      | Noticed Jeremiah
  5386 | D:6      | Killed Jeremiah
  5387 | D:6      | Reached XP level 8. HP: 44/59 MP: 12/18
  5667 | D:6      | Noticed Duvessa
  5667 | D:6      | Noticed Dowan
  5686 | D:6      | Killed Duvessa
  5687 | D:6      | Reached skill level 5 in Spellcasting
  5694 | D:6      | Killed Dowan
  5887 | D:6      | Found a runed translucent door.
  5888 | D:6      | Noticed Crazy Yiuf
  6083 | D:6      | Killed Crazy Yiuf
  6396 | D:7      | Noticed a hornet
  6405 | D:7      | Paralysed by a hornet for 1 turns
  6407 | D:7      | Paralysed by a hornet for 1 turns
  6408 | D:7      | Killed a hornet
  6725 | D:7      | Found a flagged portal.
  6731 | Bailey   | Entered a bailey
  6924 | Bailey   | Reached XP level 9. HP: 54/64 MP: 5/20
  7066 | Bailey   | Reached skill level 1 in Polearms
  7192 | Bailey   | Noticed an orc knight
  7221 | Bailey   | Killed an orc knight
  7714 | D:7      | Reached skill level 5 in Polearms
  7933 | D:7      | Noticed a wizard
  7939 | D:7      | Killed a wizard
  8131 | D:8      | Noticed a boulder beetle
  8687 | D:8      | Reached XP level 10. HP: 78/80 MP: 16/21
  9160 | D:8      | Reached skill level 5 in Fighting
  9338 | D:8      | Killed a boulder beetle
  9785 | D:9      | Found a staircase to the Orcish Mines.
  9787 | D:9      | Noticed a two-headed ogre
  9804 | D:9      | Noticed Prince Ribbit
  9812 | D:9      | Killed a two-headed ogre
  9822 | D:9      | Killed Prince Ribbit
 10172 | D:9      | You fall into a shaft and drop 3 floors!
 10301 | D:12     | Noticed a cyclops
 10307 | D:12     | Noticed a manticore
 10310 | D:12     | Killed a cyclops
 10316 | D:12     | Noticed a purple ugly thing
 10323 | D:12     | Killed a manticore
 10324 | D:12     | Reached XP level 11. HP: 49/91 MP: 9/22
 10503 | D:11     | Noticed Urug
 10505 | D:11     | Noticed Nergalle
 10954 | D:11     | Killed Nergalle
 10955 | D:11     | Reached skill level 10 in Polearms
 10966 | D:11     | Noticed a soul eater
 11155 | D:10     | Entered Level 10 of the Dungeon
 11521 | D:10     | Noticed a deep elf pyromancer
 11531 | D:10     | Killed a deep elf pyromancer
 11730 | D:10     | Noticed a two-headed ogre
 11737 | D:10     | Killed a two-headed ogre
 11884 | D:10     | Noticed Fannar
 11901 | D:10     | Killed Fannar
 12647 | D:9      | Found a runed translucent door.
 12647 | D:9      | Noticed jasper's ghost (novice DsWr)
 12875 | D:9      | Reached XP level 12. HP: 97/103 MP: 23/23
 13321 | D:9      | Killed jasper's ghost
 13544 | D:11     | Killed Urug
 13879 | D:11     | Noticed Erolcha
 13893 | D:11     | Killed Erolcha
 14542 | D:11     | Found a staircase to the Lair.
 14931 | Lair:1   | Entered Level 1 of the Lair of Beasts
 14932 | Lair:1   | Upgraded the game from 0.32-a0-7-ge934b4519a to
                  | 0.32-a0-18-g89e19f1974
 15089 | Lair:1   | Noticed a boulder beetle
 15126 | Lair:1   | Killed a boulder beetle
 15159 | Lair:1   | Noticed Maggie
 15159 | Lair:1   | Noticed a boulder beetle
 15161 | Lair:1   | Paralysed by Maggie for 3 turns
 15167 | Lair:1   | Killed Maggie
 15208 | Lair:1   | Killed a boulder beetle
 15209 | Lair:1   | Reached skill level 10 in Fighting
 15886 | Lair:1   | Noticed a catoblepas
 15901 | Lair:1   | Killed a catoblepas
 16370 | Lair:2   | Noticed a boulder beetle
 16383 | Lair:2   | Killed a boulder beetle
 16415 | Lair:2   | Reached XP level 13. HP: 55/116 MP: 11/24
 16595 | Lair:2   | Found a frozen archway.
 16780 | IceCv    | Entered an ice cave
 18231 | IceCv    | Identified the ring "Gaits" {rN+ Will+ Int+7 Slay-2 SInv}
 18365 | Lair:2   | Reached skill level 1 in Shields
 18575 | Lair:2   | Found a staircase to the Shoals.
 18700 | Lair:2   | Found a transporter.
 18701 | Lair:2   | Found a transporter.
 18702 | Lair:2   | Noticed Walel's ghost (journeyman TeAE)
 19376 | Lair:3   | Found a hole to the Spider Nest.
 20850 | Lair:4   | Reached skill level 5 in Shields
 21019 | Lair:4   | Found a staircase to the Slime Pits.
 21050 | Lair:4   | Reached XP level 14. HP: 132/132 MP: 17/25
 21193 | Lair:4   | Found a runed translucent door.
 22404 | Lair:4   | Identified the ring of Creativity {rCorr Dex+6}
 22408 | Lair:4   | Identified the amulet "Vafyoriwk" {rF+ Regen+}
 22664 | Lair:4   | Found a staircase to the Slime Pits.
 23012 | Lair:5   | Entered Level 5 of the Lair of Beasts
 23572 | Lair:5   | Found a runed translucent gate.
 23573 | Lair:5   | Found a runed translucent gate.
 23573 | Lair:5   | Noticed a rockslime
 23574 | Lair:5   | Found a runed translucent gate.
 23576 | Lair:5   | Noticed DeathSocks's ghost (journeyman VSFi)
 23576 | Lair:5   | Noticed an acid blob
 23576 | Lair:5   | Noticed an azure jelly
 23576 | Lair:5   | Noticed an acid blob
 23576 | Lair:5   | Noticed an acid blob
 23576 | Lair:5   | Noticed an acid blob
 23577 | Lair:5   | Noticed a rockslime
 23577 | Lair:5   | Noticed an acid blob
 23943 | Lair:5   | Found a one-way gate to the infinite horrors of the Abyss.
 23952 | Lair:5   | Reached skill level 10 in Shields
 25036 | D:12     | Identified the +2 cloak of Qousson {rPois rC- Int+5 Slay+2}
 25056 | D:12     | Got Vv's Quarto of Axaxaxas mlö
 25098 | D:12     | Noticed Snorg
 25121 | D:12     | Killed Snorg
 25202 | D:12     | Got the Folio of Plaster Cramp
 25209 | D:12     | Got the Almanac of Combed Thunderclap
 26024 | D:13     | Reached XP level 15. HP: 124/138 MP: 23/26
 26162 | D:13     | HP: 5/135 [centaur/arrow[a centaur warrior] (11)]
 26522 | D:13     | Found a portal to a secret trove of treasure.
 26746 | D:13     | Found a gate to the Vaults.
 27008 | D:14     | Reached skill level 1 in Armour
 27563 | D:15     | Entered Level 15 of the Dungeon
 27869 | D:15     | Noticed Nessos
 27893 | D:15     | Noticed Azrael
 27903 | D:15     | Nessos changed into Nessos the two-headed ogre
 27903 | D:15     | Noticed Nessos
 27905 | D:15     | Killed Azrael
 27910 | D:15     | Killed Nessos the two-headed ogre
 28578 | D:15     | Found a staircase to the Depths.
 28836 | Orc:1    | Entered Level 1 of the Orcish Mines
 28989 | Orc:2    | Entered Level 2 of the Orcish Mines
 29103 | Orc:2    | Found a dark tunnel.
 29111 | Volcano  | Entered a volcano
 30184 | Orc:2    | Reached skill level 5 in Dodging
 30202 | Orc:2    | Reached skill level 5 in Armour
 30327 | Orc:2    | Found Erghir's General Store.
 30328 | Orc:2    | Found Faikk's Book Emporium.
 30330 | Orc:2    | Found Gesaysi's Antique Armour Shoppe.
 30330 | Orc:2    | Found Awnicom's Antique Weapon Shoppe.
 30335 | Orc:2    | Bought a scroll of identify for 28 gold pieces
 30335 | Orc:2    | Bought a scroll of blinking for 105 gold pieces
 30335 | Orc:2    | Bought a scroll of vulnerability for 56 gold pieces
 30347 | Orc:2    | Bought a pair of warped gloves for 228 gold pieces
 30347 | Orc:2    | Identified the +0 pair of gloves of Sebbiacherr {-Tele
                  | rElec Will- Str+8} (You bought it in a shop on level 2 of
                  | the Orcish Mines)
 30407 | Orc:2    | Found a staircase to the Elven Halls.
 30925 | Elf:1    | Entered Level 1 of the Elven Halls
 30936 | Elf:1    | Reached XP level 16. HP: 142/146 MP: 20/29
 31189 | Elf:1    | HP: 1/146 [deep elf archer/arrow (15)]
 31195 | Elf:1    | HP: 6/146 [deep elf zephyrmancer/bolt of lightning (9)]
 31196 | Elf:1    | HP: 1/146 [+4 halberd of protection (16)]
 31197 | Elf:1    | Demolished by a +4 halberd of protection

Illustrated notes

Levels and vault maps discovered:
D:1:      scummos_arrival_simple_fountains, layout_basic
D:2:      layout_rooms, minmay_heptomino_h4, uniq_jessica
D:3:      layout_rooms, uniq_natasha
D:4:      layout_loops_corners, amcnicky_altar_gilded, temple_doors_e,
          serial_bayou_lake_a, uniq_menkaure
D:5:      layout_rooms, mainiacjoe_overflow_cross_hatched
D:6:      layout_loops_ring, eat_drink_and_be_merry_uskayaw,
          overflow_temple_1_default, uniq_crazy_yiuf_cottage, uniq_jeremiah,
          uniq_duvessa
D:7:      layout_basic, trog_wizard, enter_bailey_4
D:8:      layout_loops_ring, serial_bayou_pond_b
D:9:      layout_basic, nicolae_qazlal_general_emergency,
          lemuel_coloured_pillars_altar, zombieorc2_lemuel,
          hellmonk_ghost_happy_afterlife, uniq_prince_ribbit1
D:10:     layout_loops_cross, okawaru_gym_becter, mainiacjoe_overflow_alcove_4,
          nzn_random_ring, uniq_fannar
D:11:     layout_irregular_city, erik_lair_dragon, uniq_erolcha, uniq_nergalle,
          uniq_urug
D:12:     layout_roguey, bh_hangedman_babel_library, uniq_snorg
D:13:     layout_basic, grunt_vaults_entry_fortified,
          nicolae_trove_entry_crystal, lemuel_blue_sif_altar
D:14:     layout_cave_pools, grunt_decor_one_mirror, minmay_variable_closet
D:15:     hangedman_depths_entry_try_elsewhere_first, layout_small_grid,
          grunt_dithmenos_smoke_and_mirrors, serial_ice, serial_ice_l,
          serial_ice_a, serial_ice_c, serial_ice_f, uniq_nessos, uniq_azrael
Temple:   nicolae_temple_bog_church
Lair:1:   layout_gridlike, wad_woods_road_02, nzn_masters_of_martial_movement,
          serial_bayou_shore_a, uniq_maggie
Lair:2:   layout_gridlike, nicolae_shoals_entry_roost, gammafunk_ghost_hive,
          portal_ice_cave_rime
Lair:3:   layout_long_grid, spider_nest_entry_rubble, lemuel_fruit_fields
Lair:4:   gammafunk_lair_enchanted_lake, layout_cave_shapes, slime_entry_1
Lair:5:   hellmonk_lair_end_abyssal_woods, layout_cellular_growth,
          gammafunk_ghost_ooze, serial_bayou_pond_e, lemuel_fruit_tree
Orc:1:    layout_caves, minmay_orc_temple_a
Orc:2:    st_orc_congregation, layout_caves, nicolae_volcano_entry_hallway,
          basic_altar, nicolae_orc_seminary
Elf:1:    eino_elf_arrival_the_gate, layout_loops_ring,
          nicolae_elf_shapeshifter_party

Skill      XL: |  1  2  3  4  5  6  7  8  9 10 11 12 13 14 15 16 |
---------------+-------------------------------------------------+-----
Fighting       | 1 4 6 8 11 14 | 14.0
Summonings     | 4 5 6 7 8 9 |  9.0
Spellcasting   | 2 3 4 5 6 |  6.0
Fire Magic     | 1 3 |  3.0
Evocations     | 1 3 4 |  4.0
Air Magic      | 3 |  3.0
Polearms       | 5 9 12 14 | 14.0
Shields        | 5 12 14 | 14.2
Dodging        | 5 6 |  6.1
Armour         | 5 |  5.7
Stealth        | |  1.7

Action                     |  1- 3 |  4- 6 |  7- 9 | 10-12 | 13-15 | 16-18 || total
---------------------------+-------+-------+-------+-------+-------+-------++-------
  Melee: Unarmed           |    81 |    29 |       |       |       |       ||   110
         Trident           |       |   107 |   193 |   573 |  1266 |    27 ||  2166
         Punch             |       |     2 |     1 |     7 |     1 |       ||    11
   Fire: Hand cannon       |       |       |       |       |    61 |       ||    61
   Cast: Summon Small Mamm |    19 |     4 |     2 |       |       |       ||    25
         Call Imp          |    17 |    17 |    12 |     9 |     5 |     1 ||    61
         Call Canine Famil |       |    16 |    26 |    45 |    59 |     2 ||   148
         Summon Lightning  |       |       |    11 |    22 |    49 |     1 ||    83
         Summon Blazeheart |       |       |    14 |    28 |    77 |     1 ||   120
  Evoke: Wand              |       |       |     2 |    15 |     8 |     1 ||    26
    Use: Scroll            |       |     4 |    10 |     7 |    11 |     2 ||    34
         Potion            |       |       |       |     3 |     8 |     5 ||    16
   Stab: Sleeping          |     2 |     2 |     3 |     3 |     8 |     1 ||    19
         Distracted        |       |     1 |     6 |    15 |    22 |       ||    44
         Paralysed         |       |       |       |       |     3 |       ||     3
 Armour: Leather armour    |    65 |    99 |    11 |       |       |       ||   175
         Robe              |     3 |       |       |       |       |       ||     3
         Ring mail         |       |       |    40 |       |    44 |    25 ||   109
         Steam dragon scal |       |       |    65 |   233 |   505 |       ||   803
  Dodge: Dodged            |    70 |    88 |   169 |   260 |   345 |    11 ||   943
  Block: Kite shield       |       |       |       |       |   505 |    14 ||   519
         Tower shield      |       |       |       |       |    10 |       ||    10

Table legend: (Time is in decaauts)
 A = Elapsed time spent in this place.
 B = Non-inter-level travel time spent in this place.
 C = Inter-level travel time spent in this place.
 D = Time resting spent in this place.
 E = Time spent auto-exploring this place.
 F = Levels seen in this place.
 G = Mean time per level.
                   A        B        C        D        E       F      G
               +--------+--------+--------+--------+--------+-----+--------+
         Total |  30881 |  29408 |   1473 |    830 |  22333 |  27 | 1143.7 |
       Dungeon |  18193 |  17099 |   1094 |    372 |  13027 |  15 | 1212.9 |
        Temple |     14 |      1 |     13 |      0 |      0 |   1 |   14.0 |
          Lair |   8197 |   7942 |    255 |    417 |   6171 |   5 | 1639.4 |
  Orcish Mines |   1494 |   1385 |    109 |     14 |   1015 |   2 |  747.0 |
   Elven Halls |    258 |    258 |      0 |      0 |    189 |   1 |  258.0 |
        Bailey |    675 |    675 |      0 |      0 |    523 |   1 |  675.0 |
      Ice Cave |   1515 |   1515 |      0 |     27 |   1114 |   1 | 1515.0 |
       Volcano |    531 |    531 |      0 |      0 |    294 |   1 |  531.0 |
               +--------+--------+--------+--------+--------+-----+--------+

Top non-repeatable levels by time:
  Lair:4: 2321 daAuts
    D:11: 2073 daAuts
  Lair:2: 1714 daAuts
  Lair:5: 1641 daAuts
   IceCv: 1515 daAuts
    D:13: 1508 daAuts
     D:1: 1491 daAuts
     D:7: 1466 daAuts
     D:9: 1442 daAuts
  Lair:1: 1393 daAuts
     D:8: 1391 daAuts
     D:4: 1283 daAuts
    D:10: 1255 daAuts
    D:12: 1195 daAuts
     D:6: 1148 daAuts
